Map: Orbital Shipyard

Players

ILLBdA - Winner!

  • Race: Protoss Protoss
  • League: Diamond

라이징스타

  • Race: Protoss Protoss
  • League: Diamond

VOD

Have the link to the VOD?

Description

Time

  • Played on: Dec. 27, 2015, 1:26 p.m.
  • Length: 4:22
Show
View Real Time Build Order
Export as new Build Order

ILLBdA Protoss - Winner!

Build Orders:  

Get SALT Encoding   

  12  0:01  Probe (Chrono Boost)  
  13  0:11  Probe (Chrono Boost)  
  14  0:19  Pylon  
  14  0:22  Probe (Chrono Boost)  
  15  0:38  Probe (Chrono Boost), Forge  
  16  0:48  Probe (Chrono Boost)  
  17  0:59  Probe (Chrono Boost)  
  18  1:12  Probe (Chrono Boost), Pylon  
  18  1:13  Pylon  
  18  1:14  Pylon  
  19  1:30  Photon Cannon  
  19  1:34  Photon Cannon  
  19  1:37  Pylon  
  19  1:46  Pylon  
  18  2:03  Photon Cannon  
  18  2:06  Photon Cannon  
  18  2:11  Photon Cannon  
  18  2:19  Photon Cannon  
  18  2:21  Pylon  
  18  2:26  Photon Cannon  
  18  2:29  Photon Cannon  
  18  2:35  Photon Cannon  
  18  2:41  Photon Cannon  
  18  2:49  Pylon  
  18  2:57  Photon Cannon  
  18  3:01  Photon Cannon  
  18  3:17  Probe (Chrono Boost)  
  19  3:20  Gateway, Pylon  
  19  3:22  Assimilator  
  19  3:27  Assimilator  
  19  3:34  Probe (Chrono Boost)  
  19  3:42  Photon Cannon  
  19  3:45  Probe (Chrono Boost), Pylon, Photon Cannon  
  19  3:55  Photon Cannon  
  19  3:56  Pylon  
  19  4:12  Photon Cannon  
  19  4:14  Pylon  
Show
View Real Time Build Order
Export as new Build Order

라이징스타 Protoss 

Build Orders:  

Get SALT Encoding   

  12  0:01  Probe (Chrono Boost)  
  13  0:12  Probe (Chrono Boost)  
  14  0:18  Pylon  
  14  0:22  Probe (Chrono Boost)  
  15  0:36  Probe (Chrono Boost)  
  15  0:38  Gateway  
  16  0:47  Probe (Chrono Boost)  
  16  0:48  Assimilator  
  17  0:56  Assimilator  
  17  0:57  Probe (Chrono Boost)  
  17  1:03  Pylon  
  18  1:08  Probe (Chrono Boost)  
  19  1:36  Zealot  
  19  1:37  Probe (Chrono Boost)  
  22  1:56  Probe (Chrono Boost)  
  22  2:07  Probe (Chrono Boost)  
  18  2:17  Probe (Chrono Boost)  
  18  2:19  Zealot  
  21  2:33  Probe (Chrono Boost)  
  16  3:04  Probe (Chrono Boost)  
  13  3:14  Probe (Chrono Boost)  
Tags
 
Matchup
PvP
Replay Pack
me
Add a new tag
Caveats
  • Supply blocks, unpowered buildings, or Contaminate may cause inaccurate times.
  • Supply counts are checked every 10 seconds.